Map: Miner Evacuation

Players

wasp

  • Race: Protoss Protoss

larsgj

  • Race: Terran Terran

VOD

Have the link to the VOD?

Description

Time

  • Played on: Nov. 2, 2018, 11:48 a.m.
  • Length: 23:37
Show
View Real Time Build Order
Export as new Build Order

wasp Protoss 

Build Orders:  

Get SALT Encoding   

  1  0:00  Probe x12 (Chrono Boost)  
    0:10  Unknown x2  
  12  0:26  Pylon  
  12  0:44  Pylon  
  12  0:57  Gateway  
  12  1:33  Forge  
  12  1:44  Pylon  
  12  2:02  Assimilator  
  12  2:05  Zealot  
  14  2:33  Zealot  
  16  4:24  Photon Cannon  
  16  4:30  Photon Cannon  
  16  4:36  Photon Cannon  
  16  4:44  Photon Cannon  
  16  4:51  Photon Cannon  
  16  4:54  Photon Cannon  
  16  5:13  Zealot x3  
  12  7:19  Zealot x3  
  18  7:29  Cybernetics Core  
  18  8:39  Zealot x2  
  22  9:54  Zealot  
  22  9:55  Zealot x2  
  28  11:37  Zealot x3  
  18  12:58  Probe (Chrono Boost)  
  13  13:07  Stargate  
  13  13:12  Probe (Chrono Boost)  
  13  13:15  Twilight Council  
  13  13:18  Protoss Air Armor Level 1  
  14  13:26  Probe (Chrono Boost)  
  15  13:33  Gateway  
  15  13:40  Probe (Chrono Boost), Zealot  
  15  13:41  Zealot x2  
  22  13:54  Probe (Chrono Boost)  
  22  13:57  Pylon  
  23  14:02  Pylon  
  23  14:07  Pylon  
  23  14:14  Pylon  
  23  14:31  Pylon  
  23  14:40  Phoenix x2  
  27  14:51  Fleet Beacon  
  27  14:52  Zealot x2  
  31  15:58  Protoss Air Weapons Level 1  
  25  17:18  Tempest x3  
  33  19:04  Tempest  
  33  20:14  Tempest  
  37  21:19  Tempest  
  41  21:33  Zealot  
  41  21:34  Zealot x3  
  41  21:35  Zealot x2  
Show
View Real Time Build Order
Export as new Build Order

larsgj Terran 

Build Orders:  

Get SALT Encoding   

  1  0:00  Orbital Command, SCV x12  
    0:10  Unknown  
    0:14  SCV  
  13  0:31  SCV  
  13  0:37  Supply Depot  
  14  0:50  SCV  
  15  1:07  Barracks, SCV  
  16  1:39  SCV, Marine  
  18  1:50  Marine  
  18  1:52  Supply Depot  
  18  1:56  SCV  
  20  2:00  Marine  
  21  2:12  SCV  
  22  2:29  SCV  
  23  2:55  Marine  
  24  3:00  Barracks  
  24  3:05  Marine  
  25  3:13  Bunker  
  25  3:16  Marine  
  26  3:26  Marine  
  27  3:36  Marine  
  28  3:49  Bunker  
  28  3:51  Marine x2  
  30  4:02  Refinery  
  30  4:07  Refinery  
  30  4:21  Bunker  
  30  4:28  Marine  
  31  4:40  Supply Depot  
  31  4:41  Marine x2, Supply Depot  
  33  4:51  Barracks, Marine x2  
  35  5:15  Marine  
  36  5:26  Marine x2  
  36  5:27  Marine  
  39  5:36  Marine  
  39  5:37  Marine x2  
  41  5:47  Marine  
  43  5:52  Barracks Tech Lab x2  
  43  5:57  Marine  
  45  6:00  SCV  
  47  6:12  Marine x2  
  47  6:19  SCV  
  47  6:22  Marine  
  43  6:36  Engineering Bay, SCV  
  43  6:49  Marauder  
  43  6:51  Neosteel Frame  
  43  6:53  SCV  
  44  7:00  Barracks Tech Lab  
  44  7:02  Marauder  
  46  7:10  SCV  
  47  7:23  Supply Depot  
  47  7:24  Marauder  
  47  7:28  Supply Depot  
  49  8:02  Marauder  
  49  8:04  Marauder  
  49  8:08  Marauder  
  53  8:19  Marine  
  55  8:20  Medic  
  55  8:21  Marine  
  59  9:00  Marine, Medic  
  62  9:11  Medic x2, Supply Depot  
  62  9:14  Supply Depot  
  64  10:15  Structure Armor  
  64  10:20  SCV  
  64  10:25  Marine  
  64  10:26  Medic x2  
  70  10:37  SCV  
  71  10:54  SCV  
  72  11:05  Marine  
  72  11:06  Marine, Medic  
  76  11:10  SCV  
  76  11:14  Terran Infantry Armor Level 1  
  76  11:15  Medic  
  79  11:38  Supply Depot  
  79  11:39  Marine x2, Medic  
  79  11:41  SCV  
  79  11:49  Marine x3  
  87  12:17  Marine x3, Supply Depot  
  87  12:20  SCV, Supply Depot  
  87  12:28  Marine  
  91  12:37  SCV  
  93  12:50  Bunker  
  87  13:25  Bunker  
  87  13:53  Supply Depot, Factory  
  87  13:54  Terran Infantry Weapons Level 1, Supply Depot  
  87  13:56  Supply Depot  
  83  14:38  Marine x3  
  83  14:48  Medic x2  
  83  14:49  Medic  
  86  14:58  Marine  
  86  14:59  Marine, Medic  
  92  15:06  Armory  
  92  15:09  Marauder x2, Supply Depot  
  92  15:10  Marauder  
  96  15:19  SCV  
  103  15:22  Marauder x3  
  109  15:34  Unknown  
  109  15:35  SCV  
  110  15:52  SCV  
  111  16:01  Marine x3  
  114  16:11  Marine x2  
  114  16:12  Marine  
  117  16:21  Marine  
  117  16:22  Marine x2  
  117  16:26  Stabilizer Medpacks  
  120  16:32  Marine x2  
  120  16:35  Terran Infantry Armor Level 2  
  122  17:52  Supply Depot  
  122  17:58  Supply Depot  
  122  18:00  Supply Depot  
  122  18:01  Supply Depot x2  
  122  18:08  Supply Depot  
  122  18:10  Supply Depot  
  122  18:25  Orbital Command  
  122  22:13  Marine, Medic, Marauder  
  127  22:23  Marine  
  127  22:24  Marauder  
  127  22:26  Medic  
  132  22:33  Marine  
  132  22:36  Marauder, Medic  
  137  22:43  Marine  
  137  22:47  Marauder  
  137  22:48  Medic  
  140  22:53  Marine  
  140  22:59  Marine, Marauder  
Tags
 
Commander
ArtanisRaynor
Matchup
Co-op
Replay Pack
Multiplayer
Add a new tag
Caveats
  • Supply blocks, unpowered buildings, or Contaminate may cause inaccurate times.
  • Supply counts are checked every 10 seconds.